 Dungeon Crawl Stone Soup version 0.30-a0-3-gc9032a9cac (webtiles) character file.

Game seed: 302054350765275666

22564 Jardren the Covert (level 12, -4/61 HPs)
             Began as a Spriggan Enchanter on Aug 20, 2022.
             Was a Believer of Dithmenos.
             Killed from afar by a hell hound (14 damage)
             ... with a blast of flame
             ... led by Azrael
             ... on level 13 of the Dungeon.
             The game lasted 00:33:29 (15186 turns).

Jardren the Covert (Spriggan Enchanter)            Turns: 15186, Time: 00:33:30

Health: -4/61      AC:  6    Str: 11    XL:     12   Next: 64%
Magic:  29/29      EV: 27    Int: 18    God:    Dithmenos [**....]
Gold:   756        SH:  0    Dex: 15    Spells: 23/36 levels left

rFire   . . .      SeeInvis +    k - +3 dagger (venom)
rCold   . . .      Faith    .    (no shield)
rNeg    + . .      Spirit   .    E - +2 robe {rN+}
rPois   .          Reflect  .    (helmet restricted)
rElec   .          Harm     .    p - +2 cloak
rCorr   .          Rampage  .    (gloves unavailable)
Will    +++..                    (boots unavailable)
Stlth   +++++++++.               o - amulet of regeneration
HPRegen 1.00/turn                C - ring "Gaowy" {EV+4 Str+3 Stlth+}
MPRegen 0.21/turn                I - ring of willpower

@: wreathed by umbra, studying Ice Magic, very quick
A: very small, no large weapons, unfitting armour, see invisible, speed 3,
deformed body, passive freeze
a: Renounce Religion, Shadow Step


You were on level 13 of the Dungeon.
You worshipped Dithmenos.
Dithmenos was pleased with you.
You visited 2 branches of the dungeon, and saw 14 of its levels.

You collected 873 gold pieces.
You spent 117 gold pieces at shops.

Inventory:

Hand Weapons
 k - a +3 dagger of venom (weapon)
 v - a +2 dagger of flaming
 H - a +0 dagger of electrocution
Missiles
 e - 12 poisoned darts (quivered)
 m - 2 throwing nets
 z - 6 curare-tipped darts
Armour
 p - a +2 cloak (worn)
 E - a +2 robe of positive energy (worn)
Jewellery
 o - an amulet of regeneration (around neck)
 C - the ring "Gaowy" (left hand) {EV+4 Str+3 Stlth+}
   (You found it on level 8 of the Dungeon)

   [ring of evasion]

   EV:        It affects your evasion (+4).
   Str:       It affects your strength (+3).
   Stlth:     It makes you more stealthy.
 I - a ring of willpower (right hand)
Wands
 h - a wand of flame (9)
 r - a wand of paralysis (2)
 y - a wand of roots (14)
Scrolls
 a - a scroll of blinking
 i - 2 scrolls of brand weapon
 n - 10 scrolls of teleportation
 A - a scroll of magic mapping
 D - 2 scrolls of fog
 F - 5 scrolls of identify
 G - a scroll of enchant armour
 J - a scroll of amnesia
Potions
 b - 4 potions of heal wounds
 c - a potion of invisibility
 d - 4 potions of magic
 f - 4 potions of curing
 j - 3 potions of flight
 l - a potion of brilliance
 s - 2 potions of haste
 t - a potion of cancellation
 u - 2 potions of resistance
 w - a potion of berserk rage
 x - 2 potions of lignification
 B - a potion of ambrosia
Miscellaneous
 g - a condenser vane


   Skills:
 + Level 6.1 Fighting
 + Level 8.2 Short Blades
 + Level 10.1 Dodging
 + Level 14.9 Stealth
 + Level 12.6 Spellcasting
 + Level 12.8 Hexes


You had 23 spell levels left.
You knew the following spells:

 Your Spells              Type           Power      Damage    Failure   Level
a - Ensorcelled Hibernat  Hex/Ice        68%        N/A       1%          2
b - Tukima's Dance        Hex            55%        N/A       1%          3
c - Dazzling Flash        Conj/Hex       68%        N/A       1%          3
d - Confusing Touch       Hex            55%        N/A       1%          3
e - Blink                 Tloc           22%        N/A       10%         2

Your spell library contained the following spells:

 Spells                   Type           Power      Damage    Failure   Level
 Slow                     Hex            100%       N/A       1%          1
 Inner Flame              Hex/Fire       34%        N/A       1%          3
 Summon Guardian Golem    Hex/Summ       34%        N/A       1%          3
 Apportation              Tloc           22%        N/A       6%          1
 Beastly Appendage        Tmut           22%        N/A       6%          1
 Foxfire                  Conj/Fire      44%        2x1d6     6%          1
 Freeze                   Ice            44%        1d6       6%          1
 Sting                    Tmut/Pois      44%        1d5       6%          1
 Summon Small Mammal      Summ           44%        N/A       6%          1
 Poisonous Vapours        Pois/Air       22%        N/A       10%         2
 Static Discharge         Conj/Air       11%        3-5/arc   10%         2
 Sublimation of Blood     Necr           11%        N/A       10%         2
 Wereblood                Tmut           11%        N/A       10%         2
 Metabolic Englaciation   Hex/Ice        17%        N/A       12%         5
 Call Canine Familiar     Summ           11%        N/A       19%         3
 Conjure Flame            Conj/Fire      11%        6-21      19%         3
 Frozen Ramparts          Ice            22%        1d4       19%         3
 Ozocubu's Armour         Ice            11%        N/A       19%         3
 Spider Form              Tmut/Pois      11%        N/A       19%         3
 Vampiric Draining        Necr           11%        2d6       19%         3
 Corpse Rot               Necr/Pois/Air  11%        N/A       52%         4
 Dispel Undead            Necr           11%        3d9       52%         4
 Flame Wave               Conj/Fire      11%        2d6       52%         4
 Hailstorm                Conj/Ice       11%        3d5       52%         4
 Ice Form                 Ice/Tmut       11%        N/A       52%         4
 Olgreb's Toxic Radiance  Pois           11%        N/A       52%         4
 Petrify                  Tmut/Erth      11%        N/A       52%         4
 Alistair's Intoxication  Tmut/Pois      7%         N/A       86%         5
 Lightning Bolt           Conj/Air       5%         1d17      86%         5
 Manifold Assault         Tloc           11%        N/A       86%         5
 Death Channel            Necr           5%         N/A       100%        6
 Simulacrum               Ice/Necr       5%         N/A       100%        6
 Statue Form              Tmut/Erth      7%         N/A       100%        6
 Storm Form               Tmut/Air       5%         N/A       100%        7
 Summon Hydra             Summ           5%         N/A       100%        7
 Maxwell's Capacitive Co  Air            5%         ∞         100%        8


Dungeon Overview and Level Annotations

Branches:
Dungeon (13/15)            Temple (1/1) D:4            Lair (0/5) D:10
    Orc (0/2) D:10
 Vaults: D:13-14

Altars:
Ashenzari
Cheibriados
Dithmenos
Elyvilon
Fedhas
Gozag
Hepliaklqana
Kikubaaqudgha
Makhleb
Nemelex Xobeh
Okawaru
Qazlal
Ru
Sif Muna
Trog
Uskayaw
Vehumet
Wu Jian
Xom
Yredelemnul
Zin
The Shining One
Lugonu

Shops:
D:5 (   D:8 (   D:9 *

Annotations:
D:7 3 runed translucent doors, BritishOli's ghost, novice DsGl
D:8 1 runed translucent door, 1 transporter
D:12 1 transporter, Dacveal's ghost, journeyman HOFi


Innate Abilities, Weirdness & Mutations

You are very small and have problems with some larger weapons.
You are too small for most types of armour.
You have supernaturally acute eyesight. (SInv)
You cover ground extremely quickly. (Speed+++)
Armour fits poorly on your strangely shaped body.
A frigid envelope surrounds you and freezes all who hurt you.


Message History

Aim: a human (flame, almost dead, inner flame)
The roots erupt in riotous growth!
Roots grab the vault guard. x2
The grasping roots constrict the vault guard.
Flame seeps out of the vault guard.
The grasping roots constrict the vault guard, but do no damage.
You hear a bark!
The human is engulfed in blazing flames.
Dithmenos accepts your kill.
The human explodes!
The fiery explosion engulfs the vault guard!!
Flame seeps out of the vault guard.
The vault guard is severely wounded.
The fiery explosion engulfs the vault guard!
Flame seeps out of the vault guard.
The vault guard is moderately wounded.
The vault guard struggles to escape constriction.
Your condenser vane has recharged.
Unknown command.
Aiming: Fastroot
Press: ? - help, Shift-Dir - straight line, f - vault guard
Aim: a vault guard, wielding a +0 war axe, wearing a +0 plate armour and wearing a +0 tower shield (lightly wounded, inner flame, constricted by roots, umbra)
The roots erupt in riotous growth!
The vault guard is unaffected. x2
The grasping roots constrict the vault guard.
Flame seeps out of the vault guard.
The grasping roots constrict the vault guard.
Flame seeps out of the vault guard.
You hear a bark!
The roots release their grip on the vault guard. x2
The vault guard is engulfed in blazing flames.
Flame seeps out of the vault guard.
The vault guard is engulfed in blazing flames.
Flame seeps out of the vault guard.
Unknown command.
A hell hound comes into view.
A hell hound comes into view.
Found a chain mail.
The hell hound breathes flames at you. The blast of flame hits you!
You die...

####...####.####..
#....#..#.........
#....##..#########
##.....<.# [# #
#...#.. ..###..
##... ##. #h #...
#. .. .#. [. h.


You could see 4 vault guards, 2 humans and 2 hell hounds.

Vanquished Creatures
  Harold (D:9)
  Erolcha (D:11)
  3 boulder beetles
  3 hydras
  3 two-headed ogres
  An ogre mage (D:12)
  A centaur warrior (D:12)
  Sonja (D:11)
  A skeletal warrior (D:12)
  A manticore (D:11)
  2 cyclopes
  A dancing weapon (D:9)
  A komodo dragon (D:10)
  2 unseen horrors
  2 kobold demonologists (D:12)
  A freezing wraith (D:10)
  2 polar bears (D:10)
  A hornet (D:8)
  5 slime creatures (D:10)
  5 centaur simulacra
  An air elemental (D:10)
  A water elemental (D:10)
  A shadow (D:12)
  3 vampires
  A human (D:13)
  17 yaks
  A fire elemental (D:10)
  An unseen horror simulacrum (D:10)
  6 vampire mosquitoes
  A steam dragon (D:8)
  An acid dragon (D:11)
  2 orc warriors (D:6)
  2 black bears
  A sky beast (D:6)
  3 ogres
  8 centaurs
  A phantom (D:6)
  3 kobold brigands
  2 gnoll sergeants
  3 bullfrogs
  A necrophage (D:6)
  An earth elemental (D:10)
  A scorpion (D:6)
  3 wights
  2 killer bees (D:9)
  3 howler monkeys (D:7)
  A crimson imp (D:7)
  4 orc priests
  5 hounds
  A gnoll bouda (D:8)
  A jelly (D:6)
  4 iguanas
  12 orc wizards
  Robin (D:2)
  13 gnolls
  8 adders
  2 white imps
  An ufetubus (D:5)
  A dart slug (D:2)
  44 orcs
  8 endoplasms
  2 giant cockroaches (D:1)
  15 goblins
  6 hobgoblins
  3 quokkas
  3 ball pythons
  3 bats
  2 frilled lizards (D:2)
  A goblin skeleton (D:8)
  10 kobolds
  A kobold zombie (D:8)
  5 rats
265 creatures vanquished.

Vanquished Creatures (collateral kills)
  An orc warrior (D:9)
  7 wights
  3 gnolls
  4 orcs
15 creatures vanquished.

Vanquished Creatures (others)
  11 dancing weapons
  2 plants (D:10)
13 creatures vanquished.

Grand Total: 293 creatures vanquished

Notes
Turn   | Place    | Note
-------+----------+-------------------------------------------
     0 | D:1      | Jardren the Spriggan Enchanter began the quest for the Orb.
     0 | D:1      | Reached XP level 1. HP: 9/9 MP: 5/5
   589 | D:1      | Reached XP level 2. HP: 7/13 MP: 7/7
   755 | D:1      | Learned a level 2 spell: Ensorcelled Hibernation
  1848 | D:2      | Noticed Robin
  1877 | D:2      | Reached XP level 3. HP: 16/16 MP: 9/9
  1895 | D:2      | Learned a level 3 spell: Tukima's Dance
  1899 | D:2      | Learned a level 3 spell: Confusing Touch
  1966 | D:2      | Found a broken altar of Ashenzari.
  2695 | D:2      | Killed Robin
  2696 | D:2      | Reached XP level 4. HP: 18/21 MP: 8/11
  2793 | D:3      | Reached skill level 5 in Hexes
  3631 | D:4      | Noticed a black bear
  3793 | D:3      | Killed a black bear
  3794 | D:3      | Reached skill level 5 in Spellcasting
  3794 | D:3      | Reached XP level 5. HP: 11/24 MP: 11/13
  3957 | D:4      | Noticed an ogre
  4274 | D:4      | Found a staircase to the Ecumenical Temple.
  4285 | Temple   | Entered the Ecumenical Temple
  4589 | D:4      | Reached XP level 6. HP: 28/28 MP: 15/15
  4630 | D:4      | Learned a level 3 spell: Dazzling Flash
  4633 | D:4      | Learned a level 2 spell: Blink
  4900 | D:4      | Reached skill level 5 in Stealth
  5071 | D:4      | Found an iron altar of Okawaru.
  5078 | D:4      | Found a radiant altar of Vehumet.
  5309 | D:5      | Entered Level 5 of the Dungeon
  5395 | D:5      | Reached XP level 7. HP: 32/32 MP: 10/17
  5471 | D:5      | Reached skill level 6 in Stealth
  5479 | D:5      | Found Keockuv's Weapon Shop.
  5877 | D:5      | Found a sparkling altar of Nemelex Xobeh.
  6053 | D:6      | Reached skill level 7 in Stealth
  6252 | D:6      | Reached XP level 8. HP: 26/36 MP: 17/20
  6297 | D:6      | Reached skill level 8 in Stealth
  6734 | D:6      | Reached skill level 9 in Stealth
  7352 | D:6      | Gained mutation: Armour fits poorly on your strangely
                  | shaped body. [potion of mutation]
  7352 | D:6      | Gained mutation: Your muscles are strong. (Str +4, Int/Dex
                  | -1) [potion of mutation]
  7352 | D:6      | Lost mutation: Your muscles are strong. (Str +4, Int/Dex
                  | -1) [potion of mutation]
  7352 | D:6      | Gained mutation: A frigid envelope surrounds you and
                  | freezes all who hurt you. [potion of mutation]
  7392 | D:6      | Reached skill level 10 in Stealth
  7478 | D:7      | Found a runed translucent gate.
  7478 | D:7      | Found a runed translucent gate.
  7478 | D:7      | Found a runed translucent gate.
  7545 | D:7      | Found a burning altar of Makhleb.
  7545 | D:7      | Found a shimmering altar of Xom.
  7575 | D:7      | Noticed BritishOli's ghost (novice DsGl)
  7631 | D:7      | Reached XP level 9. HP: 39/39 MP: 9/23
  7938 | D:7      | Found a shimmering blue altar of Sif Muna.
  7998 | D:7      | Found a bloodstained altar of Trog.
  8037 | D:7      | Reached skill level 1 in Fighting
  8334 | D:8      | Found Zirown's Weapon Emporium.
  8341 | D:8      | Found a runed translucent door.
  8346 | D:8      | Found a basalt altar of Yredelemnul.
  8850 | D:8      | You fall into a shaft and drop 1 floor!
  8874 | D:9      | Reached skill level 10 in Hexes
  8962 | D:8      | Found a transporter.
  9072 | D:8      | Reached skill level 11 in Stealth
  9097 | D:8      | Found a corrupted altar of Lugonu.
  9097 | D:8      | Noticed a red ugly thing
  9102 | D:8      | Noticed a red ugly thing
  9537 | D:8      | Found a transporter.
  9705 | D:8      | Identified the ring "Gaowy" {EV+4 Str+3 Stlth+}
  9779 | D:8      | Reached skill level 5 in Dodging
  9923 | D:9      | Reached skill level 10 in Spellcasting
  9923 | D:9      | Reached XP level 10. HP: 38/47 MP: 16/25
  9989 | D:9      | Found Jerysoucym's Assorted Antiques.
  9996 | D:9      | Bought a scroll of identify for 48 gold pieces
  9996 | D:9      | Bought a scroll labelled GAIBBA JADDU for 24 gold pieces
  9996 | D:9      | Bought a scroll labelled VOPSUSAHUH for 24 gold pieces
  9996 | D:9      | Bought a golden potion for 21 gold pieces
 10627 | D:9      | Noticed a boulder beetle
 10647 | D:9      | Killed a boulder beetle
 11045 | D:9      | Noticed Harold
 11051 | D:9      | Killed Harold
 11052 | D:9      | Reached skill level 12 in Stealth
 11232 | D:10     | Entered Level 10 of the Dungeon
 11238 | D:10     | Found a hide-covered altar of Uskayaw.
 11238 | D:10     | Noticed a +0 hand axe
 11238 | D:10     | Noticed a +0 hand axe
 11263 | D:10     | Reached skill level 5 in Short Blades
 11275 | D:10     | Found a shadowy altar of Dithmenos.
 11295 | D:10     | Became a worshipper of Dithmenos the Shadowed
 11395 | D:10     | Found an ornate altar of the Wu Jian Council.
 11777 | D:10     | Reached XP level 11. HP: 6/53 MP: 23/26
 12062 | D:10     | Found a large runed translucent door.
 12062 | D:10     | Found a large runed translucent door.
 12112 | D:10     | Noticed a two-headed ogre
 12124 | D:10     | Killed a two-headed ogre
 12202 | D:10     | Found a staircase to the Lair.
 12257 | D:10     | Reached skill level 13 in Stealth
 12296 | D:10     | Reached * piety under Dithmenos
 12452 | D:10     | Found a staircase to the Orcish Mines.
 12741 | D:11     | Noticed Erolcha
 12743 | D:11     | Noticed Sonja
 12792 | D:11     | Killed Sonja
 12832 | D:11     | Killed Erolcha
 12958 | D:11     | Reached skill level 5 in Fighting
 13277 | D:11     | Noticed a two-headed ogre
 13287 | D:11     | Killed a two-headed ogre
 13414 | D:11     | Noticed a five-headed hydra
 13435 | D:11     | Killed a five-headed hydra
 13729 | D:12     | Reached ** piety under Dithmenos
 13730 | D:12     | Reached XP level 12. HP: 60/60 MP: 28/28
 13731 | D:12     | Reached skill level 14 in Stealth
 13882 | D:12     | Identified the ring "Lahel" {rElec rPois EV+4}
 13882 | D:12     | Noticed a death knight
 13983 | D:12     | Noticed a death knight
 14013 | D:12     | Noticed a seven-headed hydra
 14020 | D:12     | Killed a seven-headed hydra
 14173 | D:12     | Noticed a boulder beetle
 14178 | D:12     | Killed a boulder beetle
 14180 | D:12     | Noticed a centaur warrior
 14191 | D:12     | Killed a centaur warrior
 14197 | D:12     | Found a transporter.
 14198 | D:12     | Noticed Dacveal's ghost (journeyman HOFi)
 14782 | D:12     | Noticed an ogre mage
 14798 | D:12     | Killed an ogre mage
 14971 | D:12     | Noticed a vampire knight
 15078 | D:13     | Noticed a boulder beetle
 15079 | D:13     | Killed a boulder beetle
 15115 | D:13     | Noticed a two-headed ogre
 15119 | D:13     | Killed a two-headed ogre
 15120 | D:13     | Reached skill level 10 in Dodging
 15142 | D:13     | Noticed a seven-headed hydra
 15149 | D:13     | Killed a seven-headed hydra
 15165 | D:13     | Noticed a vault guard
 15165 | D:13     | Noticed a vault guard
 15165 | D:13     | Noticed a vault guard
 15166 | D:13     | Noticed a vault guard
 15167 | D:13     | Noticed a vault guard
 15171 | D:13     | HP: 2/61 [vault guard/+3 bardiche of protection (32)]
 15186 | D:13     | Killed from afar by a hell hound

Illustrated notes

Levels and vault maps discovered:
D:1:      matt_arrival_diagonals, layout_basic
D:2:      layout_loops_corners, basic_altar, uniq_robin
D:3:      layout_rooms
D:4:      layout_basic, minitemple, minmay_temple_entry_sparse_star
D:5:      layout_rooms, nemelex_altar_shiori, serial_shops,
          nicolae_shop_behind_doors
D:6:      layout_loops_corners
D:7:      layout_loops_ring, grunt_temple_overflow_champion_of_chaos,
          mainiacjoe_overflow_24_doors, lemuel_coloured_pillars_altar,
          gammafunk_ghost_icy
D:8:      gammafunk_corrupted_shrine, layout_basic, dk_yredelemnul_ordeal,
          serial_shops, shop
D:9:      kennysheep_ambush_hall, layout_cave_pods, serial_shops,
          nicolae_shop_advertising_works [nicolae_subvault_shop_adworks],
          grunt_ministairs_3, nicolae_sextant, uniq_harold
D:10:     minmay_coctagon, layout_irregular_city, dancing_weapons_uskayaw,
          pdpol_wu_jian_five_deadly_venoms, amcnicky_altar_gilded,
          david_lair_shrubbed, orc_0_dummy, lightli_elemental_guards
D:11:     layout_cave_pods, uniq_sonja, uniq_erolcha
D:12:     minmay_cornered_nines, layout_layer_cave, gammafunk_ghost_mausoleum
D:13:     layout_rooms, ximxim_vaults_locker_room, tgw_fedhas, uniq_azrael
Temple:   grunt_temple_mini_profane

Skill      XL: |  1  2  3  4  5  6  7  8  9 10 11 12 |
---------------+-------------------------------------+-----
Spellcasting   | 3 4 5 6 7 9 10 11 12 | 12.6
Hexes          | 4 5 6 7 9 10 11 12 | 12.8
Stealth        | 5 7 10 11 12 13 14 | 14.9
Dodging        | 5 7 8 10 | 10.1
Fighting       | 2 4 5 6 |  6.1
Short Blades   | 3 5 7 8 |  8.2

Action                   |  1- 3 |  4- 6 |  7- 9 | 10-12 || total
-------------------------+-------+-------+-------+-------++-------
Melee: Dagger            |    78 |   117 |   308 |   290 ||   793
       Punch             |       |     2 |     7 |     3 ||    12
Throw: Dart              |     6 |       |       |     2 ||     8
 Cast: Ensorcelled Hiber |     6 |    34 |    47 |    65 ||   152
       Tukima's Dance    |     1 |     4 |    38 |     6 ||    49
       Confusing Touch   |       |       |     3 |    19 ||    22
Evoke: Wand              |       |     3 |       |     7 ||    10
       Condenser vane    |       |       |       |     1 ||     1
  Use: Scroll            |     6 |     6 |    10 |     6 ||    28
       Potion            |       |       |     1 |     7 ||     8
 Stab: Sleeping          |    15 |    24 |    38 |    50 ||   127
       Distracted        |       |     1 |     1 |       ||     2
       Confused          |       |       |     3 |    18 ||    21
       Invisible         |       |       |       |     1 ||     1
Armor: Robe              |     6 |     3 |    30 |    15 ||    54
Dodge: Dodged            |    34 |   105 |   258 |   268 ||   665

Table legend: (Time is in decaauts)
 A = Elapsed time spent in this place.
 B = Non-inter-level travel time spent in this place.
 C = Inter-level travel time spent in this place.
 D = Time resting spent in this place.
 E = Time spent auto-exploring this place.
 F = Levels seen in this place.
 G = Mean time per level.
                   A        B        C        D        E       F      G
               +--------+--------+--------+--------+--------+-----+--------+
         Total |  11112 |  10831 |    281 |   1021 |   7531 |  14 |  793.7 |
       Dungeon |  10975 |  10709 |    266 |   1021 |   7413 |  13 |  844.2 |
        Temple |    136 |    121 |     15 |      0 |    118 |   1 |  136.0 |
               +--------+--------+--------+--------+--------+-----+--------+

Top non-repeatable levels by time:
     D:3: 1159 daAuts
     D:8: 1135 daAuts
    D:10: 1097 daAuts
     D:6: 1060 daAuts
     D:1: 1046 daAuts
     D:2: 1032 daAuts
     D:9: 959 daAuts
    D:12: 937 daAuts
    D:11: 666 daAuts
     D:4: 646 daAuts
     D:7: 625 daAuts
     D:5: 538 daAuts
  Temple: 136 daAuts
    D:13: 69 daAuts
